 Dungeon Crawl Stone Soup version 0.24.0-13-gcf9b319 (webtiles) character file.

Game seed: 17336789648393171775, levelgen mode: deterministic

15178 Cassiopeia the Fighter (level 11, -6/102 HPs)
             Began as a Minotaur Berserker on May 5, 2020.
             Was a High Priest of Trog.
             Mangled by a manticore (10 damage)
             ... summoned by Kirke
             ... on level 13 of the Dungeon.
             The game lasted 00:46:07 (12643 turns).

Cassiopeia the Fighter (Minotaur Berserker)        Turns: 12643, Time: 00:46:07

Health: -6/102     AC:  0    Str: 23    XL:     11   Next: 98%
Magic:  10/10      EV: 13    Int:  4    God:    Trog [*****.]
Gold:   269        SH:  0    Dex: 12    Spells: 10/10 levels left

rFire    . . .     SeeInvis .   (weapon currently unavailable)
rCold    . . .     Gourm    .   (shield currently unavailable)
rNeg     . . .     Faith    +   (armour currently unavailable)
rPois    .         Spirit   .   (helmet currently unavailable)
rElec    .         Reflect  .   (cloak currently unavailable)
rCorr    .         Harm     .   (gloves currently unavailable)
MR       .....                  (boots currently unavailable)
Stlth    +.........             D - amulet of faith
HPRegen  0.27/turn              (ring currently unavailable)
MPRegen  0.12/turn              (ring currently unavailable)

@: pig-form, slowed, extremely drained
A: small, (retaliatory headbutt)
a: Berserk, Trog's Hand, Brothers in Arms, Renounce Religion


You were on level 13 of the Dungeon.
You worshipped Trog.
Trog was extremely pleased with you.
You were not hungry.
You were a filthy swine.
You visited 2 branches of the dungeon, and saw 15 of its levels.

You collected 643 gold pieces.
You spent 374 gold pieces at shops.

Inventory:

Hand Weapons
 g - a +8 longbow
 v - a +0 executioner's axe
 w - the +8 hand axe "Owkafy" (melded) {drain, rElec MP+9 Int+3 SInv}
   (You found it on level 7 of the Dungeon)

   A truly terrible weapon, it drains the life of those it strikes.
   It affects your intelligence (+3).
   It insulates you from electricity.
   It affects your magic capacity (+9).
   It lets you see invisible.
 Q - a +6 battleaxe of flaming
 S - a +1 whip of draining
 X - a +5 mace
Armour
 b - a +2 shield (melded)
 B - a +0 pair of boots (melded)
 P - a +0 plate armour (melded)
Jewellery
 h - an uncursed ring of fire
 k - a ring of protection from fire (melded)
 C - an uncursed ring of stealth
 D - an amulet of faith (around neck)
 U - a ring of see invisible (melded)
Wands
 x - a wand of flame (15)
 y - a wand of digging (10)
 E - a wand of enslavement (9)
 N - a wand of iceblast (13)
Scrolls
 a - 2 scrolls of immolation {unknown}
 e - 2 scrolls of enchant weapon {unknown}
 i - 7 scrolls of remove curse
 m - 9 scrolls of enchant armour
 n - 2 scrolls of blinking
 r - a scroll of random uselessness {unknown}
 t - 5 scrolls of teleportation
 z - 2 scrolls of acquirement {unknown}
 A - 2 scrolls of magic mapping
 J - a scroll of brand weapon {unknown}
 M - 2 scrolls of fear
 O - a scroll of silence {unknown}
 R - a scroll of torment {unknown}
 Y - a scroll of fog {unknown}
Potions
 f - 3 potions of might
 j - 3 potions of agility
 l - 8 potions of curing
 o - 2 potions of resistance
 p - 4 potions of haste
 q - 2 potions of brilliance
 s - a potion of degeneration {unknown}
 u - 4 potions of flight
 G - 2 potions of mutation
 I - a potion of heal wounds
 L - a potion of ambrosia {unknown}
 Z - a potion of cancellation {unknown}
Miscellaneous
 d - a box of beasts
 W - a phantom mirror
Comestibles
 c - 14 rations
 F - 3 chunks of flesh


   Skills:
 + Level 11.5(0.0) Fighting
 + Level 8.7(0.0) Axes
 - Level 7.5(0.0) Maces & Flails
 + Level 11.1(0.0) Armour
 + Level 10.3(0.0) Dodging
 + Level 8.4(0.0) Shields


You had 10 spell levels left.
You didn't know any spells.
Your spell library was empty.

Dungeon Overview and Level Annotations

Branches:
Dungeon (13/15)              Lair (2/6) D:11            Orc (0/2) D:10
 Temple: D:4-7        Swamp: Lair:2-4    Shoals: Lair:2-4     Snake: Lair:2-4
 Spider: Lair:2-4    Vaults: D:13-14

Altars:
Kikubaaqudgha
Okawaru
Trog
Vehumet
Wu Jian
Yredelemnul

Shops:
D:7 ?   D:13 ?

Portals:
Trove: D:10 (give +6 demon trident)

Annotations:
D:7 3 runed translucent doors, Icepheonix32's ghost, novice TeAE
D:11 2 runed translucent doors, exclusion: orange crystal statue
D:13 Kirke; Sonja


Innate Abilities, Weirdness & Mutations

((You reflexively headbutt those who attack you in melee.))
((You have a pair of horns on your head.))


Message History

The manticore bites you! You block the manticore's attack.
The manticore claws you. Kirke casts a spell at you.
You turn into a filthy swine.
The +8 hand axe "Owkafy" {drain, rElec MP+9 Int+3 SInv} melds into your body.
Your +0 pair of boots melds into your body.
Your +2 shield melds into your body.
Your +0 plate armour melds into your body.
Your ring of protection from fire melds into your body.
Your ring of see invisible melds into your body.
The manticore closely misses you. The manticore claws you. x2
* * * LOW HITPOINT WARNING * * *
Kirke barely misses you. The manticore bites you!
* * * LOW HITPOINT WARNING * * *
The manticore claws you.
* * * LOW HITPOINT WARNING * * *
The manticore claws you.
* * * LOW HITPOINT WARNING * * *
Kirke barely misses you. The manticore bites you!
You die...

#.# #.# #.##.#
#.# #.# #.#.#
#.# ## ##.# #.#
#.# #.# #.# #.#
#.# #.# #.#
#@#### # #.#
#hH..#
#...###.#
####.#
#........ #.#
########. #.#
## #.#
##########
#.####.....§..§
#.......#######
######.## ###


You could see Kirke and a manticore.

Vanquished Creatures
  3 two-headed ogres
  2 cyclopes (D:12)
  An ugly thing (D:12)
  A manticore (D:13)
  A centaur zombie (D:13)
  Psyche (D:9)
  2 spiny frogs (Lair:1)
  2 trolls
  4 slime creatures (D:12)
  A shadow (D:12)
  A spriggan (D:7)
  2 wraiths
  6 hogs
  6 yaks (D:12)
  2 hungry ghosts
  3 steam dragons
  A soldier ant (D:12)
  2 water moccasins
  2 orc warriors
  A porcupine (D:11)
  2 necrophages
  5 sky beasts
  2 phantoms
  5 ogres
  15 centaurs
  4 crocodiles
  A big kobold (D:11)
  8 bullfrogs
  4 scorpions
  2 wyvern skeletons
  A water moccasin skeleton (D:9)
  3 wights (D:11)
  5 howler monkeys
  A bullfrog zombie (D:2)
  5 crimson imps
  A quasit (D:5)
  8 hounds
  3 jellies
  7 orc wizards
  3 orc priests
  Jessica (D:3)
  3 iguanas
  Natasha (thrice) (D:2)
  7 worker ants
  A killer bee zombie (D:8)
  A hound zombie (D:5)
  A hound skeleton (D:9)
  A howler monkey zombie (D:6)
  A worker ant zombie (D:5)
  7 gnolls
  8 adders
  3 shadow imps
  An adder zombie (D:7)
  2 adder skeletons
  5 worms
  A dart slug (D:2)
  4 leopard geckos
  31 orcs
  4 giant cockroaches
  6 goblins
  14 hobgoblins
  12 jackals
  A quokka (D:8)
  A ball python (D:1)
  6 bats
  A frilled lizard (D:1)
  16 kobolds
  A leopard gecko skeleton (D:7)
  2 quokka skeletons (D:7)
  A quokka zombie (D:6)
  7 rats
  A plant (D:11)
283 creatures vanquished.

Vanquished Creatures (others)
  5 plants
5 creatures vanquished.

Grand Total: 288 creatures vanquished

Notes
Turn   | Place    | Note
-------+----------+-------------------------------------------
     0 | D:1      | Cassiopeia the Minotaur Berserker began the quest for the
                  | Orb.
     0 | D:1      | Reached XP level 1. HP: 19/19 MP: 0/0
   337 | D:1      | Reached XP level 2. HP: 27/27 MP: 1/1
   866 | D:2      | Reached XP level 3. HP: 33/33 MP: 2/2
   877 | D:2      | Reached ** piety under Trog
  1006 | D:2      | Reached XP level 4. HP: 9/41 MP: 3/3
  1876 | D:2      | Noticed Natasha
  1880 | D:2      | Killed Natasha
  2060 | D:2      | Noticed Natasha
  2067 | D:2      | Killed Natasha
  2067 | D:2      | Reached XP level 5. HP: 47/47 MP: 4/4
  2073 | D:2      | Noticed Natasha
  2094 | D:2      | Killed Natasha
  2559 | D:3      | Found an ornate altar of the Wu Jian Council.
  2611 | D:3      | Reached skill level 5 in Fighting
  2796 | D:3      | Noticed Jessica
  2803 | D:3      | Killed Jessica
  2803 | D:3      | Reached skill level 5 in Maces & Flails
  2849 | D:3      | Reached *** piety under Trog
  3323 | D:4      | Noticed an ogre
  3330 | D:4      | Killed an ogre
  3330 | D:4      | Reached XP level 6. HP: 56/56 MP: 5/5
  3409 | D:4      | You fall into a shaft and drop 1 floor!
  3409 | D:5      | Entered Level 5 of the Dungeon
  4050 | D:5      | Reached skill level 5 in Armour
  4050 | D:5      | Reached XP level 7. HP: 62/62 MP: 6/6
  4566 | D:6      | Reached skill level 5 in Dodging
  4871 | D:6      | Found an iron altar of Okawaru.
  5336 | D:6      | Reached XP level 8. HP: 70/71 MP: 7/7
  5366 | D:6      | Reached **** piety under Trog
  6145 | D:7      | Got a warped hand axe
  6148 | D:7      | Identified the +8 hand axe "Owkafy" {drain, rElec MP+9
                  | Int+3 SInv} (You found it on level 7 of the Dungeon)
  6236 | D:7      | Reached skill level 1 in Axes
  6371 | D:7      | Noticed Icepheonix32's ghost (novice TeAE)
  6396 | D:7      | Found a runed translucent gate.
  6396 | D:7      | Found a runed translucent gate.
  6396 | D:7      | Found a runed translucent gate.
  6448 | D:7      | Reached XP level 9. HP: 81/81 MP: 8/8
  6678 | D:7      | Found Woplu's Magic Scroll Shoppe.
  6685 | D:7      | Bought a scroll of blinking for 105 gold pieces
  6685 | D:7      | Bought a scroll of enchant armour for 105 gold pieces
  6685 | D:7      | Bought a scroll of identify for 28 gold pieces
  6685 | D:7      | Bought a scroll of identify for 28 gold pieces
  6685 | D:7      | Bought a scroll of teleportation for 42 gold pieces
  6869 | D:7      | Reached skill level 1 in Shields
  7101 | D:8      | Found an ancient bone altar of Kikubaaqudgha.
  7126 | D:8      | Reached ***** piety under Trog
  7463 | D:9      | Found a basalt altar of Yredelemnul.
  7593 | D:9      | Noticed a troll
  7600 | D:9      | Killed a troll
  7613 | D:9      | Noticed Psyche
  7628 | D:9      | Killed Psyche
  7628 | D:9      | Reached skill level 5 in Axes
  7628 | D:9      | Reached XP level 10. HP: 91/91 MP: 9/9
  7731 | D:9      | Found a radiant altar of Vehumet.
  7867 | D:9      | Received a gift from Trog
  8097 | D:9      | Noticed a moth of wrath
  8100 | D:9      | Found a bloodstained altar of Trog.
  8390 | D:10     | Entered Level 10 of the Dungeon
  8391 | D:10     | Found a portal to a secret trove of treasure.
  8599 | D:10     | Found a staircase to the Orcish Mines.
  9189 | D:11     | Reached skill level 5 in Shields
  9912 | D:11     | Found a staircase to the Lair.
  9916 | D:11     | Reached skill level 10 in Fighting
  9965 | Lair:1   | Entered Level 1 of the Lair of Beasts
  9965 | Lair:1   | Noticed a spiny frog
  9965 | Lair:1   | Noticed a spiny frog
  9972 | Lair:1   | Killed a spiny frog
  9979 | Lair:1   | Killed a spiny frog
 10146 | D:11     | Found a runed translucent door.
 10147 | D:11     | Noticed an orange crystal statue
 10150 | D:11     | Found the +10 large shield of Ignorance {rN+ Int-4}
 10163 | D:11     | Found a runed translucent door.
 10228 | D:11     | Noticed a two-headed ogre
 10234 | D:11     | Killed a two-headed ogre
 10234 | D:11     | Reached XP level 11. HP: 92/101 MP: 10/10
 10460 | D:12     | Noticed a two-headed ogre
 10468 | D:12     | Killed a two-headed ogre
 10468 | D:12     | Reached skill level 10 in Armour
 10550 | D:12     | Received a gift from Trog
 10934 | D:12     | Noticed a cyan ugly thing
 10948 | D:12     | Killed a cyan ugly thing
 11330 | D:12     | Noticed a two-headed ogre
 11338 | D:12     | Killed a two-headed ogre
 11338 | D:12     | Reached skill level 10 in Dodging
 11696 | D:13     | Found Jejeemp's Magic Scroll Emporium.
 11710 | D:13     | Bought a scroll of magic mapping for 42 gold pieces
 11710 | D:13     | Bought a scroll of identify for 24 gold pieces
 11714 | D:13     | Noticed Sonja
 11792 | D:13     | Noticed a four-headed hydra
 12115 | D:13     | Noticed Kirke
 12643 | D:13     | HP: 4/102 [manticore[Kirke] (5)]
 12643 | D:13     | Mangled by a manticore

Levels and vault maps discovered:
D:1:      dpeg_arrival_rooms_c, layout_loops_cross, serial_park_tiny_1
D:2:      layout_basic, uniq_natasha
D:3:      layout_basic, lemuel_round_altar, uniq_jessica
D:4:      layout_cave_pools, temple_statues, serial_shops, shop,
          kennysheep_little_box, first_ration
D:5:      layout_cave_pools, minmay_misc_feat_enclosed, roderic_roman_lattice
D:6:      layout_gridville, okawaru_metal_pillars_1_2
D:7:      layout_loops_ring, serial_shops, shop, gammafunk_ghost_icy,
          hangedman_decor_lopped, the_bakery
D:8:      layout_basic, nicolae_overflow_hidden_temple
D:9:      layout_gridville, tgw_trog, yredelemnul_altar_generic, basic_altar,
          uniq_psyche
D:10:     layout_rooms, orc_0_dummy, enter_trove_0, serial_co_window_serial,
          co_window_cross_1, co_window_corner_a, co_window_paths_b,
          co_window_corner_a, co_window_of_opportunity_a, co_window_paths_a,
          co_window_paths_a, co_window_broadway_b, co_window_unsneaky_path_a,
          co_window_broadway_b, co_window_2corner, co_window_broadway_a,
          co_window_corner_cb, co_window_of_opportunity_b, glass_columns_a
D:11:     layout_loops_corners, grunt_lair_entry_orc_guard_hut,
          chequers_guarded_unrand_ignorance
D:12:     layout_rooms, dk_noncrumbling_3, chequers_serial_rivers_micro_a
D:13:     layout_loops_ring, serial_shops, shop, minmay_shattered_shrine,
          uniq_sonja, uniq_kirke, uniq_frances
Lair:1:   wad_woods_pond, layout_small_grid
Lair:2:   layout_gridlike, grunt_megastairs_3

Skill      XL: |  1  2  3  4  5  6  7  8  9 10 11 |
---------------+----------------------------------+-----
Maces & Flails | 4 5 6 7 |  7.5
Fighting       | 4 5 6 8 9 10 11 | 11.5
Armour         | 3 4 5 7 8 9 11 | 11.1
Dodging        | 3 4 5 6 8 9 10 | 10.3
Axes           | 2 5 6 8 |  8.7
Shields        | 4 6 8 |  8.4

Action                   |  1- 3 |  4- 6 |  7- 9 | 10-12 || total
-------------------------+-------+-------+-------+-------++-------
Melee: Mace              |    65 |   133 |   126 |     1 ||   325
       Headbutt          |     9 |    27 |    51 |    81 ||   168
       Hand axe          |       |       |   132 |   302 ||   434
       Unarmed           |       |       |       |    11 ||    11
Invok: Berserk           |     3 |     3 |     5 |     4 ||    15
       Trog's Hand       |       |       |       |     1 ||     1
  Use: Scroll            |       |       |     4 |    10 ||    14
       Potion            |       |       |       |     2 ||     2
  Eat: Chunk             |     2 |    14 |     8 |    16 ||    40
       Ration            |       |       |     2 |     3 ||     5
Armor: Animal skin       |    22 |     8 |       |       ||    30
       Scale mail        |       |    16 |    53 |       ||    69
       Plate armour      |       |       |    27 |   164 ||   191
Dodge: Dodged            |    55 |   104 |   130 |    91 ||   380
Block: Shield            |       |       |    56 |   196 ||   252
